 Dungeon Crawl Stone Soup version 0.22-a0-91-g23542c2 (webtiles) character file.

23 4thArraOfDagon the Firebug (level 3, -7/19 HPs)
             Began as a Tengu Fire Elementalist on Jan 22, 2018.
             Killed by divine providence
             ... invoked by an orc priest
              (10 damage)
             ... on level 4 of the Dungeon.
             The game lasted 00:03:33 (530 turns).

4thArraOfDagon the Firebug (Tengu Fire Elementalist) Turns: 530, Time: 00:03:34

Health: -7/19      AC:  7    Str:  7 (8)  XL:     3   Next: 0%
Magic:  16/16      EV: 12    Int: 13 (16) God:
Gold:   60         SH:  0    Dex: 13 (14) Spells: 2/6 levels left

rFire    . . .     SeeInvis .   j - +2 glaive (pain)
rCold    . . .     Gourm    .   (shield currently unavailable)
rNeg     . . .     Faith    .   a - +0 robe
rPois    .         Spirit   .   (helmet restricted)
rElec    .         Reflect  .   (no cloak)
rCorr    .         Harm     .   (no gloves)
MR       .....                  (boots unavailable)
Stlth    ++........             (no amulet)
HPRegen  0.06/turn              e - +5 ring of protection
MPRegen  0.15/turn              f - ring of magical power

@: no status effects
A: beak, talons 3
a: no special abilities


You were on level 4 of the Dungeon.
You were not hungry.

You visited 1 branch of the dungeon, and saw 4 of its levels.

You collected 60 gold pieces.

Inventory:

Hand Weapons
 i - a +0 club
 j - a +2 glaive of pain (weapon)
Armour
 a - a +0 robe (worn)
Jewellery
 e - a +5 ring of protection (left hand)
 f - a ring of magical power (right hand)
 k - an uncursed ring of ice
Wands
 l - a wand of acid (8)
Scrolls
 d - a scroll of remove curse
Books
 b - a book of Flames

   Spells                             Type                      Level
   a - Flame Tongue                   Conjuration/Fire             1
   b - Throw Flame                    Conjuration/Fire             2
   c - Conjure Flame                  Conjuration/Fire             3
   d - Inner Flame                    Hexes/Fire                   3
   e - Sticky Flame                   Conjuration/Fire             4
   f - Fireball                       Conjuration/Fire             5
Comestibles
 c - 3 rations


   Skills:
 - Level 2.1 Dodging
 - Level 2.0 Stealth
 + Level 2.2 Spellcasting
 * Level 2.5 Conjurations
 * Level 3.8 Fire Magic


You had 2 spell levels left.
You knew the following spells:

 Your Spells              Type           Power        Failure   Level  Hunger
a - Flame Tongue          Conj/Fire      #....        7%          1    ##.....
b - Conjure Flame         Conj/Fire      #.......     21%         3    ####...


Dungeon Overview and Level Annotations

Branches:
Dungeon (4/15)
 Temple: D:4-7

Altars:


Innate Abilities, Weirdness & Mutations

You have a beak for a mouth.
You have claws for feet.


Message History

Unknown command.
The orc hits you but does no damage.
The orc priest miscasts a cantrip.
The orc priest calls down the wrath of Beogh upon you.
Pain shoots through your body!
* * * LOW HITPOINT WARNING * * *
You see here a tomahawk.
Unknown command.
Unknown command.
Unknown command.
You're too confused to move!
You feel less confused. The orc closely misses you.
Unknown command.
Unknown command.
You open the door. The orc priest misses you.
The orc priest invokes the aid of Beogh against you.
Beogh smites you!
Ouch! That really hurt!
You die...

........# .... #
........###..........#
#............o.#
#......
#..........o...#
#...... #...
.....o....# #......
#.....#..o.....#
#......
#.....#.{.o>...#
#......
#.....'@o.(....#
#......
#.....####.....#
.......
#..............#
.....##
.......##......# ... +
###....#.....### . #
###.........## #
#......####.# #
#......# .# # #......#
.# #


You could see 2 orc priests and 4 orcs.

Vanquished Creatures
  A dart slug (D:3)
  A giant cockroach (D:2)
  A goblin (D:3)
  3 hobgoblins
  3 jackals (D:3)
  2 kobolds
  A quokka (D:3)
  A ball python (D:2)
  3 bats
  4 rats
20 creatures vanquished.

Notes
Turn   | Place    | Note
-------+----------+-------------------------------------------
     0 | D:1      | 4thArraOfDagon the Tengu Fire Elementalist began the quest for the Orb.
     0 | D:1      | Reached XP level 1. HP: 10/10 MP: 4/4
     2 | D:1      | 4thArraOfDagon: hihi
    73 | D:2      | magipi: this is not going according to plan :D
    76 | D:2      | Reached XP level 2. HP: 13/15 MP: 1/6
   194 | D:3      | magipi: I saw that you slept through half the tournament :D
   275 | D:3      | 4thArraOfDagon: oh
   275 | D:3      | 4thArraOfDagon: yes, that was very unfortunate time for me :(
   320 | D:3      | magipi: pity
   410 | D:3      | Reached XP level 3. HP: 19/19 MP: 7/7
   415 | D:3      | Learned a level 3 spell: Conjure Flame
   530 | D:4      | Killed from afar by an orc priest

Vault maps used:
D:1:      minmay_arrival_nine_rooms
D:2:      minmay_misc_feat_roman, uniq_terence, uniq_jessica
D:3:      kennysheep_generic_room_3, uniq_ijyb, uniq_natasha
D:4:      minmay_temple_entry_butterflies, enter_ossuary_2, first_ration,
          serial_shops, shop_statue

Skill      XL: |  1 |
---------------+----+-----
Conjurations   | 2 |  2.5
Dodging        | |  2.1
Stealth        | |  2.0
Spellcasting   | |  2.2
Fire Magic     | |  3.8

Action                   || total
-------------------------++-------
Melee: Glaive            ||     3
 Cast: Flame Tongue      ||    29
  Use: Scroll            ||     2
       Potion            ||     1
Armor: Robe              ||     6
Dodge: Dodged            ||    18

Table legend:
 A = Spawn XP
 B = Non-spawn XP
 C = Spawn XP percentage of total XP
 D = Spawn monster count
 E = Non-spawn monster count
 F = Spawn count percentage of total count
 G = Total turns spent on level
                    A         B        C        D         E        F      G
               +---------+---------+-------+---------+---------+-------+---------
         Total |       0 |      34 |   0.0 |       0 |      20 |   0.0 |   530
               +---------+---------+-------+---------+---------+-------+---------
           D:1 |       0 |       4 |   0.0 |       0 |       3 |   0.0 |    34
           D:2 |       0 |       6 |   0.0 |       0 |       4 |   0.0 |   121
           D:3 |       0 |      24 |   0.0 |       0 |      13 |   0.0 |   295
               +---------+---------+-------+---------+---------+-------+---------
